Map: Apotheosis LE

Players

Dark - Winner!

  • Race: Zerg Zerg

Stats

  • Race: Protoss Protoss

Event: 2016 WCS Global Finals

VOD

https://www.youtube.com/watch?v=U2psRDuUKHQ&t=2815s

Description

Time

  • Played on: Oct. 29, 2016, 11:20 a.m.
  • Length: 5:53

All games in this series

Show
View Real Time Build Order
Export as new Build Order

Dark Zerg - Winner!

Build Orders: Hatch First, Zergling Baneling 

Get SALT Encoding   

  12  0:00  Drone  
  13  0:13  Overlord  
  13  0:17  Drone  
  14  0:31  Drone x2  
  16  0:36  Drone  
  17  0:52  Hatchery  
  17  0:56  Drone  
  17  0:57  Drone  
  18  1:06  Extractor  
  17  1:14  Spawning Pool  
  17  1:17  Drone  
  17  1:20  Drone  
  18  1:30  Drone  
  19  1:40  Overlord  
  19  1:56  Drone  
  19  2:01  Queen  
  20  2:02  Zergling x2  
  20  2:03  Queen  
  20  2:05  Drone  
  20  2:07  Metabolic Boost  
  26  2:13  Drone  
  27  2:18  Drone  
  29  2:22  Drone  
  29  2:26  Drone  
  30  2:40  Hatchery  
  30  2:43  Zergling x4  
  31  2:50  Zergling x2  
  32  2:51  Baneling Nest  
  32  2:55  Zergling x4  
  33  2:59  Zergling x2  
  34  3:07  Overlord, Evolution Chamber  
  34  3:09  Zergling x2  
  34  3:13  Zergling x2  
  34  3:19  Zergling x2  
  36  3:27  Zergling x4  
  36  3:28  Zergling x4  
  40  3:34  Zergling x2  
  40  3:41  Zergling x2  
  42  3:47  Zergling x4  
  44  3:52  Baneling x2  
  44  3:53  Baneling  
  45  3:55  Zergling x2  
  45  3:56  Baneling  
  45  3:57  Baneling, Zergling x6  
  45  4:02  Baneling x4  
  48  4:04  Zergling x2  
  48  4:09  Zergling x2  
  49  4:21  Overlord  
  46  4:27  Zergling x2  
  46  4:29  Zergling x6  
  46  4:30  Zergling x2  
  49  4:33  Zergling x2, Baneling  
  49  4:34  Baneling  
  49  4:39  Zergling x4  
  49  4:41  Baneling x2  
  48  4:49  Zergling x6  
  47  4:58  Zergling x2  
  46  5:00  Zergling x6  
  46  5:05  Baneling x2, Zergling x2  
  47  5:07  Zergling x2  
  47  5:11  Zergling x2  
  47  5:12  Zergling x2  
  49  5:15  Zergling x4  
  49  5:20  Zergling x2  
  49  5:21  Baneling x2  
  51  5:37  Baneling x2  
Show
View Real Time Build Order
Export as new Build Order

Stats Protoss 

Build Orders: 1 Gate Expand 

Get SALT Encoding   

  12  0:00  Probe (Chrono Boost)  
  13  0:11  Probe (Chrono Boost)  
  14  0:20  Pylon  
  14  0:22  Probe (Chrono Boost)  
  15  0:38  Probe (Chrono Boost)  
  15  0:41  Gateway  
  16  0:49  Assimilator, Probe (Chrono Boost)  
  17  0:59  Probe (Chrono Boost)  
  18  1:10  Probe (Chrono Boost)  
  19  1:20  Probe (Chrono Boost)  
  20  1:27  Nexus  
  20  1:34  Cybernetics Core  
  20  1:36  Probe (Chrono Boost)  
  21  1:43  Assimilator  
  21  1:47  Probe (Chrono Boost)  
  21  1:53  Pylon  
  22  1:57  Probe (Chrono Boost)  
  23  2:03  Warp Gate  
  23  2:07  Adept  
  23  2:13  Probe (Chrono Boost)  
  26  2:25  Probe (Chrono Boost)  
  26  2:26  Twilight Council  
  27  2:34  Adept  
  28  2:37  Probe (Chrono Boost)  
  28  2:39  Probe (Chrono Boost)  
  31  2:49  Probe (Chrono Boost)  
  31  2:50  Mothership Core (Chrono Boost)  
  34  2:51  Resonating Glaives  
  34  2:53  Pylon  
  34  3:01  Probe (Chrono Boost)  
  35  3:09  Probe (Chrono Boost)  
  39  3:13  Probe (Chrono Boost)  
  39  3:16  Gateway  
  39  3:19  Gateway  
  37  3:22  Probe (Chrono Boost)  
  37  3:24  Adept  
  37  3:25  Probe (Chrono Boost)  
  41  3:30  Pylon  
  42  3:34  Probe (Chrono Boost)  
  42  3:37  Probe (Chrono Boost)  
  43  3:46  Assimilator  
  43  3:47  Probe (Chrono Boost)  
  45  3:48  Assimilator  
  45  3:49  Probe (Chrono Boost)  
  45  3:51  Pylon  
  45  3:59  Probe (Chrono Boost)  
  45  4:01  Probe (Chrono Boost)  
  47  4:07  Pylon  
  47  4:11  Adept  
  47  4:13  Adept  
  47  4:16  Adept  
  55  4:18  Probe x2 (Chrono Boost)  
  53  4:25  Stargate x2  
  53  4:27  Pylon  
  53  4:34  Adept  
  53  4:38  Adept, Pylon  
  57  4:41  Pylon  
  48  4:53  Probe x2 (Chrono Boost)  
  35  5:00  Adept  
  35  5:01  Adept  
  35  5:05  Probe x2 (Chrono Boost)  
  33  5:14  Pylon  
  28  5:22  Adept x2  
  28  5:27  Probe x2 (Chrono Boost)  
Tags
 
Add a new tag
Caveats
  • Supply blocks, unpowered buildings, or Contaminate may cause inaccurate times.
  • Supply counts are checked every 10 seconds.